Map: 2000 Atmospheres LE

Players

DRG - Winner!

  • Race: Zerg Zerg

Harstem

  • Race: Protoss Protoss

Event: TSL 8

VOD

Have the link to the VOD?

Description

Time

  • Played on: Nov. 28, 2021, 8:10 a.m.
  • Length: 10:53

All games in this series

Show
View Real Time Build Order
Export as new Build Order

DRG Zerg - Winner!

Build Orders: Hatch First 

Get SALT Encoding   

  12  0:00  Drone  
  13  0:12  Overlord  
  13  0:17  Drone  
  14  0:30  Drone x2  
  14  0:34  Drone  
  17  0:52  Hatchery  
  17  0:55  Drone  
  17  1:00  Drone  
  18  1:06  Drone  
  19  1:14  Extractor  
  19  1:17  Spawning Pool  
  17  1:20  Drone  
  18  1:28  Drone  
  19  1:38  Drone  
  20  1:46  Hatchery  
  19  1:49  Drone  
  20  2:00  Drone  
  21  2:04  Zergling x2  
  21  2:05  Queen  
  24  2:11  Overlord  
  24  2:17  Metabolic Boost  
  24  2:21  Drone  
  25  2:24  Drone  
  25  2:27  Drone  
  27  2:33  Drone  
  27  2:36  Queen  
  30  2:40  Drone  
  31  2:46  Queen  
  31  2:50  Zergling x2  
  34  2:51  Zergling x2  
  34  2:55  Drone  
  35  2:59  Queen  
  35  3:02  Drone  
  35  3:03  Drone  
  39  3:06  Drone  
  39  3:09  Overlord  
  39  3:12  Drone  
  41  3:15  Overlord  
  41  3:21  Overlord  
  41  3:27  Queen  
  41  3:28  Overlord  
  43  3:35  Drone x3  
  43  3:37  Drone  
  43  3:40  Overlord  
  47  3:42  Drone  
  47  3:44  Drone  
  47  3:45  Drone  
  47  3:48  Drone  
  51  3:50  Spore Crawler  
  51  3:52  Spore Crawler  
  51  3:55  Drone x2  
  51  3:56  Drone  
  51  3:58  Drone  
  51  4:01  Drone x2  
  55  4:07  Drone  
  56  4:12  Drone  
  56  4:13  Queen  
  58  4:17  Overlord  
  58  4:18  Drone  
  58  4:19  Drone  
  58  4:20  Drone x2  
  58  4:24  Drone x4  
  66  4:26  Drone  
  66  4:29  Overlord  
  66  4:30  Drone  
  68  4:36  Drone x3  
  70  4:40  Zergling x4  
  70  4:43  Extractor  
  71  4:47  Zergling x10  
  71  4:50  Baneling Nest  
  75  4:53  Queen  
  75  4:55  Overlord  
  75  4:57  Queen  
  75  4:59  Zergling x10  
  84  5:04  Overlord  
  84  5:06  Zergling x2  
  85  5:13  Zergling x8  
  88  5:16  Overlord  
  88  5:19  Zergling x2  
  88  5:23  Zergling x2  
  88  5:25  Zergling x12, Hatchery  
  94  5:33  Queen x2  
  98  5:40  Baneling x5  
  98  5:42  Zergling x10  
  103  5:45  Overlord  
  101  5:58  Zergling x6  
  100  6:10  Zergling x6  
  102  6:13  Drone x2  
  102  6:17  Drone  
  102  6:18  Queen x2  
  107  6:21  Lair  
  107  6:23  Drone x5  
  105  6:31  Drone  
  105  6:32  Drone  
  104  6:39  Extractor  
  102  6:40  Extractor  
  102  6:41  Zergling x4, Extractor x2  
  102  6:42  Zergling x6  
  100  6:51  Zergling x26  
  100  6:53  Queen x2  
  111  6:59  Drone x4  
  115  7:08  Drone  
  115  7:11  Overlord  
  115  7:14  Drone  
  115  7:15  Drone  
  118  7:19  Extractor  
  118  7:21  Drone x4  
  121  7:25  Spire  
  121  7:28  Queen  
  121  7:29  Queen x2  
  126  7:30  Extractor  
  126  7:35  Drone x6  
  126  7:36  Drone x2  
  131  7:41  Drone  
  131  7:42  Evolution Chamber  
  129  7:44  Drone  
  129  7:45  Drone x4  
  129  7:48  Drone x2, Spore Crawler  
  135  7:55  Centrifugal Hooks  
  135  7:58  Overlord x4  
  135  8:08  Overlord x2  
  135  8:11  Zerg Melee Weapons Level 1  
  135  8:16  Overlord  
  135  8:23  Overseer  
  135  8:25  Overlord x4  
  134  8:37  Drone x2  
  134  8:38  Drone, Corruptor  
  134  8:39  Corruptor x8  
  153  8:41  Zerg Flyer Weapons Level 1  
  153  8:50  Corruptor x3  
  159  8:58  Corruptor x3  
  165  9:04  Corruptor x2  
  165  9:09  Corruptor  
  171  9:13  Drone  
  171  9:15  Corruptor x2  
  175  9:19  Corruptor  
  175  9:20  Corruptor  
  175  9:23  Corruptor  
  180  9:33  Zergling x22  
  188  9:38  Baneling x11  
  188  9:39  Baneling  
  188  9:40  Baneling x2  
  188  9:43  Zergling x2  
  188  9:44  Zergling x6  
  192  9:46  Zergling x4  
  185  10:06  Zergling x18  
  183  10:09  Corruptor x5  
  186  10:15  Zergling x12  
Show
View Real Time Build Order
Export as new Build Order

Harstem Protoss 

Build Orders: 1 Gate Expand, Oracle Opening, Carriers 

Get SALT Encoding   

  12  0:00  Probe  
  13  0:12  Probe  
  14  0:17  Pylon  
  14  0:24  Probe  
  15  0:31  Assimilator  
  15  0:36  Probe (Chrono Boost)  
  16  0:47  Gateway, Probe (Chrono Boost)  
  17  0:51  Probe (Chrono Boost)  
  18  1:03  Probe  
  19  1:15  Probe  
  20  1:23  Nexus  
  20  1:35  Cybernetics Core, Probe  
  21  1:40  Assimilator  
  21  1:47  Probe  
  21  1:50  Pylon  
  22  2:00  Probe (Chrono Boost)  
  23  2:11  Adept  
  23  2:12  Probe (Chrono Boost)  
  23  2:13  Stargate  
  26  2:21  Warp Gate, Probe (Chrono Boost)  
  27  2:26  Probe  
  28  2:34  Probe  
  29  2:38  Probe  
  29  2:41  Adept  
  32  2:46  Probe  
  32  2:48  Void Ray (Chrono Boost)  
  32  2:50  Probe  
  38  2:58  Probe  
  38  3:02  Probe, Pylon  
  40  3:11  Probe  
  41  3:13  Gateway  
  41  3:14  Probe  
  42  3:21  Oracle (Chrono Boost)  
  42  3:23  Probe  
  42  3:26  Probe  
  47  3:35  Probe  
  48  3:41  Probe  
  48  3:42  Nexus  
  48  3:45  Pylon  
  49  3:48  Probe  
  50  3:56  Probe (Chrono Boost)  
  50  3:57  Void Ray  
  50  4:00  Probe (Chrono Boost)  
  50  4:01  Assimilator  
  52  4:04  Assimilator  
  52  4:08  Probe (Chrono Boost)  
  57  4:11  Pylon  
  57  4:12  Probe (Chrono Boost)  
  57  4:14  Probe (Chrono Boost)  
  57  4:16  Probe (Chrono Boost)  
  59  4:21  Forge  
  59  4:22  Probe  
  61  4:27  Probe  
  61  4:28  Shield Battery  
  59  4:34  Probe  
  59  4:35  Void Ray  
  60  4:39  Probe  
  60  4:43  Pylon  
  65  4:48  Probe (Chrono Boost)  
  65  4:51  Probe (Chrono Boost)  
  67  4:54  Fleet Beacon  
  67  4:55  Probe (Chrono Boost)  
  69  5:01  Stargate  
  69  5:03  Probe (Chrono Boost)  
  69  5:04  Probe (Chrono Boost)  
  69  5:05  Probe (Chrono Boost)  
  71  5:07  Probe (Chrono Boost)  
  71  5:10  Probe  
  71  5:12  Probe  
  74  5:18  Probe  
  74  5:19  Protoss Air Weapons Level 1  
  74  5:20  Assimilator  
  75  5:23  Photon Cannon  
  75  5:24  Assimilator  
  75  5:28  Void Ray (Chrono Boost)  
  80  5:35  Photon Cannon  
  79  5:36  Photon Cannon  
  79  5:41  Tempest (Chrono Boost)  
  79  5:42  Photon Cannon  
  79  5:43  Shield Battery  
  84  5:50  Shield Battery  
  84  5:52  Pylon  
  84  5:55  Probe  
  84  5:56  Adept x2  
  87  6:09  Carrier (Chrono Boost)  
  87  6:14  Probe  
  87  6:16  Probe  
  89  6:31  Pylon  
  88  6:34  Pylon  
  88  6:36  Nexus  
  88  6:39  Pylon  
  88  6:47  Nexus  
  87  6:57  Probe  
  87  6:58  Nexus  
  94  7:01  Carrier (Chrono Boost)  
  94  7:03  Pylon  
  94  7:07  Pylon  
  94  7:10  Pylon  
  94  7:21  Probe x2  
  102  7:22  Stargate  
  102  7:24  Shield Battery  
  102  7:25  Carrier (Chrono Boost)  
  102  7:28  Photon Cannon  
  102  7:31  Pylon  
  102  7:33  Probe  
  102  7:35  Protoss Air Weapons Level 2 (Chrono Boost), Probe  
  104  7:44  Pylon  
  104  7:46  Assimilator  
  104  7:47  Shield Battery  
  104  7:51  Assimilator  
  104  7:53  Probe  
  111  8:00  Carrier (Chrono Boost)  
  111  8:05  Pylon  
  111  8:07  Carrier (Chrono Boost)  
  111  8:11  Probe  
  119  8:18  Flux Vanes  
  124  8:34  Carrier (Chrono Boost)  
  124  8:40  Probe  
  127  8:45  Photon Cannon  
  125  8:57  Photon Cannon  
  125  9:00  Void Ray (Chrono Boost), Shield Battery  
  125  9:02  Carrier (Chrono Boost)  
  135  9:15  Nexus  
  135  9:23  Pylon  
  130  9:26  Void Ray (Chrono Boost)  
  130  9:34  Void Ray (Chrono Boost)  
  130  9:36  Photon Cannon  
  130  9:37  Shield Battery  
  130  9:38  Photon Cannon  
  134  9:40  Probe  
  134  9:43  Twilight Council  
  134  9:44  Photon Cannon  
  134  9:45  Photon Cannon  
  139  9:47  Shield Battery  
  139  9:50  Probe x2  
  139  9:51  Pylon  
  139  9:52  Probe  
  142  9:53  Void Ray  
  142  9:54  Zealot  
  144  10:03  Void Ray  
  138  10:08  Void Ray  
  138  10:12  Probe  
Tags
 
Add a new tag
Caveats
  • Supply blocks, unpowered buildings, or Contaminate may cause inaccurate times.
  • Supply counts are checked every 10 seconds.